 Dungeon Crawl Stone Soup version 0.19.4-8-ga85b6b9 (webtiles) character file.

123 Ponchio the Magician (level 4, -1/24 HPs)
             Began as a Deep Elf Fire Elementalist on Feb 7, 2017.
             Slain by a bullfrog (6 damage)
             ... in a sewer.
             The game lasted 00:21:14 (2272 turns).

Ponchio the Magician (Deep Elf Fire Elementalist)   Turns: 2272, Time: 00:21:17

Health: -1/24      AC:  4    Str:  5    XL:     4   Next: 79%
Magic:  10/12      EV: 13    Int: 23    God:
Gold:   123        SH:  0    Dex: 15    Spells: 2 memorised, 9 levels left

rFire  . . .     SeeInvis .     f - +1 short sword
rCold  . . .     Gourm    .     a - +1 robe
rNeg   . . .     Faith    .     (no shield)
rPois  +         Spirit   .     (helmet restricted)
rElec  .         Reflect  .     j - +0 cloak
rCorr  .         Harm     .     (no gloves)
MR     .....                    (no boots)
Stlth  ++........               (no amulet)
                                p - ring of poison resistance
                                (no ring)

@: no status effects
A: beak, clever 1, no device heal 1
a: no special abilities


You were in a sewer.
You were not hungry.

You visited 1 branch of the dungeon, and saw 3 of its levels.
You also visited: Sewer.

You collected 123 gold pieces.

Inventory:

Hand Weapons
 f - a +1 short sword (weapon)
Armour
 a - a +1 robe (worn)
 j - a +0 cloak (worn)
Jewellery
 m - an uncursed ring of ice
 p - a ring of poison resistance (right hand)
Scrolls
 e - a scroll of teleportation
 g - 3 scrolls of enchant armour
 h - a scroll of remove curse
 q - 2 scrolls of fog
Potions
 d - a potion of mutation
 i - 2 potions of might {unknown}
 n - a potion of heal wounds {unknown}
Books
 b - a book of Flames

   Spells                             Type                      Level
   a - Flame Tongue                   Conjuration/Fire             1
   b - Throw Flame                    Conjuration/Fire             2
   c - Conjure Flame                  Conjuration/Fire             3
   d - Inner Flame                    Hexes/Fire                   3
   e - Sticky Flame                   Conjuration/Fire             4
   f - Fireball                       Conjuration/Fire             5
Comestibles
 c - 2 bread rations
 l - a meat ration
 o - a beef jerky


   Skills:
 - Level 2.4 Dodging
 - Level 2.4 Stealth
 + Level 4.5 Spellcasting
 * Level 3.1 Conjurations
 + Level 4.3 Fire Magic


You had 9 spell levels left.
You knew the following spells:

 Your Spells              Type           Power        Failure   Level  Hunger
a - Flame Tongue          Conj/Fire      ###..        2%          1    None
b - Throw Flame           Conj/Fire      ###...       3%          2    None


Dungeon Overview and Level Annotations

Branches:
Dungeon (3/15)

Altars:
Cheibriados
Nemelex Xobeh
The Shining One


Innate Abilities, Weirdness & Mutations

You have a beak for a mouth.
Your mind is acute. (Int +2)
Potions and wands are less effective at restoring your health.


Message History

Aiming: Flame Tongue
Press: ? - help, Shift-Dir - straight line, f - bullfrog
Aim: a bullfrog The flame tongue hits the bullfrog.
The bullfrog is lightly wounded.
The bullfrog barely misses you.
The bullfrog is engulfed in a cloud of scalding steam.
The bullfrog hits you. The bullfrog barely misses you.
Casting: Flame Tongue
Confirm with . or Enter, or press ? or * to list all spells.
Aiming: Flame Tongue
Press: ? - help, Shift-Dir - straight line, f/p - bullfrog
Aim: a bullfrog (steam, moderately wounded)
The flame tongue hits the bullfrog.
The bullfrog is severely wounded.
You are engulfed in a cloud of scalding steam.
* * * LOW HITPOINT WARNING * * *
The bullfrog is engulfed in a cloud of scalding steam.
The bullfrog hits you.
You die...

##..........................
#..≈≈≈≈≈≈≈≈≈≈≈≈≈≈≈≈≈≈≈≈≈≈≈≈≈
#.≈≈≈≈≈≈≈≈≈≈≈≈≈≈≈≈≈≈≈≈≈≈≈≈≈≈
#.≈≈≈≈≈≈≈≈≈≈≈≈≈≈≈≈≈≈≈≈≈≈≈≈≈≈
#.≈≈≈≈..≈≈≈≈≈≈≈≈≈≈.........≈
#.≈≈≈.≈≈≈≈≈≈≈≈≈≈≈≈≈≈≈≈######
#.≈≈≈.≈≈≈≈≈≈≈≈≈≈≈≈≈≈≈≈≈≈#
#≈≈≈≈≈≈≈≈≈≈≈≈..≈≈≈≈≈≈≈≈≈#
#≈≈≈≈≈≈≈≈≈F@≈≈≈.≈≈≈≈≈≈≈≈≈#
#≈≈≈≈≈≈≈≈≈F≈.≈≈≈=≈≈≈≈≈≈≈≈#
#≈≈≈≈≈≈≈≈≈≈≈..≈(!".≈≈≈≈≈≈#
#.≈≈≈≈≈≈≈≈≈.≈.≈.(.≈≈≈≈≈≈≈#
#≈≈≈≈≈≈≈≈≈≈...≈≈.≈.≈≈
#.≈≈≈≈#≈≈≈≈∩≈≈≈≈≈≈≈
#.≈≈≈≈##≈≈≈≈≈≈≈≈≈≈≈
#.≈≈≈≈####≈≈≈≈≈≈≈≈≈ #.≈≈≈≈#
###≈≈≈≈


You could see 2 bullfrogs.

Vanquished Creatures
  3 gnolls (D:2)
  2 adders (D:2)
  2 dart slugs
  8 leopard geckos
  An orc (D:2)
  4 bats
  10 giant cockroaches
  4 goblins (D:1)
  A hobgoblin (D:1)
  4 jackals (D:2)
  4 ball pythons
  9 frilled lizards
  5 kobolds
  6 rats
63 creatures vanquished.

Notes
Turn   | Place    | Note
-------+----------+-------------------------------------------
     0 | D:1      | Ponchio the Deep Elf Fire Elementalist began the quest for the Orb.
     0 | D:1      | Reached XP level 1. HP: 10/10 MP: 6/6
   522 | D:1      | Reached XP level 2. HP: 11/15 MP: 5/8
   972 | D:2      | Reached XP level 3. HP: 19/19 MP: 4/9
  1228 | D:2      | Found a sparkling altar of Nemelex Xobeh.
  1231 | D:2      | Found a snail-covered altar of Cheibriados.
  1255 | D:2      | Reached XP level 4. HP: 22/24 MP: 8/11
  1342 | D:2      | Found a glowing golden altar of the Shining One.
  1601 | D:3      | Gained mutation: Your mind is acute. (Int +2) [potion of mutation]
  1601 | D:3      | Gained mutation: You have a beak for a mouth. [potion of mutation]
  1601 | D:3      | Gained mutation: Potions and wands are less effective at restoring your health. [potion of mutation]
  1638 | D:3      | Found a glowing drain.
  1722 | Sewer    | Entered a sewer
  1993 | Sewer    | Learned a level 2 spell: Throw Flame
  2266 | Sewer    | Noticed a bullfrog
  2267 | Sewer    | Noticed a bullfrog
  2272 | Sewer    | Slain by a bullfrog

Skill      XL: |  1  2  3  4 |
---------------+-------------+-----
Fire Magic     | 4 |  4.3
Conjurations   | 2 3 |  3.1
Spellcasting   | 4 |  4.5
Dodging        | |  2.4
Stealth        | |  2.4

Action                   |  1- 3 |  4- 6 || total
-------------------------+-------+-------++-------
Melee: Short sword       |     5 |     2 ||     7
 Cast: Flame Tongue      |    53 |    55 ||   108
  Use: Scroll            |       |     8 ||     8
       Potion            |       |     1 ||     1
  Eat: Chunk             |     1 |     3 ||     4
Armor: Robe              |     3 |     3 ||     6
Dodge: Dodged            |    18 |    23 ||    41
